 Dungeon Crawl Stone Soup version 0.18.1-8-gdd0e5ea (webtiles) character file.

2930 Hipnos the Geomancer (level 9, -1/45 HPs)
             Began as a Gargoyle Earth Elementalist on May 31, 2016.
             Was a Follower of Vehumet.
             Killed by divine providence
             ... invoked by an orc priest
              (11 damage)
             ... on level 7 of the Dungeon.
             The game lasted 00:30:52 (6637 turns).

Hipnos the Geomancer (Gargoyle Earth Elementalist)  Turns: 6637, Time: 00:30:53

Health: -1/45      AC:  8    Str:  8 (11) XL:     9   Next: 79%
Magic:  19/21      EV:  7    Int: 18 (20) God:    Vehumet [*.....]
Gold:   304        SH:  2    Dex:  8 (10) Spells: 5 memorised, 7 levels left

rFire  . . .     SeeInvis .     i - +2 whip (freeze)
rCold  . . .     Gourm    .     a - +0 robe
rNeg   + . .     Faith    .     (no shield)
rPois  ∞         Spirit   .     g - +0 helmet
rElec  +         Dismiss  .     (no cloak)
rCorr  .         Reflect  +     (no gloves)
SustAt .         Harm     .     (no boots)
MR     .....                    I - +2 amulet of reflection
Stlth  ++........               l - ring of wizardry
                                (no ring)

@: not resistant to hostile enchantments, unstealthy
A: high mp 1, negative energy resistance 1, electricity resistance, unbreathing,
evolution 1, petrification resistance, rot immunity, sturdy frame 1, AC +5
a: Renounce Religion


You were on level 7 of the Dungeon.
You worshipped Vehumet.
Vehumet was aware of your devotion.
You were not hungry.

You visited 2 branches of the dungeon, and saw 8 of its levels.

You collected 304 gold pieces.

Inventory:

Hand Weapons
 h - a +0 whip
 i - a +2 whip of freezing (weapon)
Missiles
 E - 46 stones (quivered)
Armour
 a - a +0 robe (worn)
 g - a +0 helmet (worn)
 x - a +0 helmet
 z - a +0 chain mail of magic resistance
Jewellery
 l - a ring of wizardry (right hand)
 v - an uncursed ring of teleportation
 B - an uncursed amulet of dismissal
 I - a +2 amulet of reflection (around neck)
Wands
 b - a wand of digging (10/24)
 q - a wand of disintegration (12/24)
 J - a wand of confusion (21/48)
Scrolls
 f - a scroll of magic mapping
 k - a scroll of fear
 r - 3 scrolls of teleportation
 s - a scroll of recharging {unknown}
 u - a scroll of enchant weapon {unknown}
 y - a scroll of noise
 A - a scroll of random uselessness
 C - a scroll of fog
Potions
 e - 2 potions of degeneration
 o - a potion of brilliance
 w - a potion of flight
Books
 c - a book of Geomancy

   Spells                             Type                      Level
   a - Sandblast                      Earth                        1
   b - Passwall                       Transmutation/Earth          2
   c - Stone Arrow                    Conjuration/Earth            3
   d - Petrify                        Transmutation/Earth          4
   e - Lee's Rapid Deconstruction     Earth                        5
 p - a book of Conjurations

   Spells                             Type                      Level
   a - Magic Dart                     Conjuration                  1
   b - Searing Ray                    Conjuration                  2
   c - Dazzling Spray                 Conjuration/Hexes            3
   d - Fulminant Prism                Conjuration/Hexes            4
   e - Iskenderun's Mystic Blast      Conjuration                  4
   f - Iskenderun's Battlesphere      Conjuration/Charms           5
Comestibles
 d - 4 bread rations
 j - 7 chunks of flesh
 m - 2 beef jerkies
 n - a slice of pizza


   Skills:
 + Level 0.6 Maces & Flails
 + Level 3.8 Dodging
 - Level 2.1 Stealth
 + Level 7.0 Spellcasting
 - Level 0.7 Transmutations
 * Level 12.3 Earth Magic


You had 7 spell levels left.
You knew the following spells:

 Your Spells              Type           Power        Failure   Level  Hunger
a - Sandblast             Erth           ######       1%          1    None
b - Passwall              Trmt/Erth      ####......   1%          2    None
c - Stone Arrow           Conj/Erth      ####..       1%          3    ##.....
d - Petrify               Trmt/Erth      ####....     4%          4    ####...
e - Lee's Rapid Deconstr  Erth           ######....   1%          5    #####..


Dungeon Overview and Level Annotations

Branches:
Dungeon (7/15)             Temple (1/1) D:6

Altars:
Cheibriados
Dithmenos
Elyvilon
Fedhas
Kikubaaqudgha
Nemelex Xobeh
Ru
Vehumet
Yredelemnul
The Shining One
Beogh


Innate Abilities, Weirdness & Mutations

You are resistant to torment.
Your stone body is resilient (AC +5).
You are immune to poison.
You resist negative energy.
You are resistant to electric shocks.
You can survive without breathing.
You are immune to petrification.
You are immune to rotting.
You have an increased reservoir of magic (+10% MP).
You evolve.
Your movements are slightly less encumbered by armour (ER -2).


Message History

The blast of sand hits the orc priest.
The orc priest is heavily wounded.
The orc priest shouts!
The orc wizard shouts!
The orc shouts!
The orc wizard casts a spell.
The orc wizard blinks!
The orc priest mumbles some strange prayers to Beogh against you.
Pain shoots through your body!
There is an open door here.
The orc priest invokes the aid of Beogh against you.
Pain shoots through your body!
The orc priest mumbles some strange prayers to Beogh against you.
You struggle to resist.
The orc priest casts a cantrip, but nothing happens.
The orc priest mumbles some strange prayers to Beogh against you.
Pain shoots through your body!
* * * LOW HITPOINT WARNING * * *
There is a stone staircase leading up here.
The orc priest calls down the wrath of Beogh upon you.
Beogh smites you!
You die...

#.....##...###H####
##.... #...##.....#
#######.....o....#
#...........#
#...o...§§o##
#...o...§Hss#
##...##.§oo§#
##...########
#...ooo...@)#
#....o#...÷%#
##...##.....#
#...##.....# ....#
#..........#######....#
#..........##...##....#
#.....................#
#....##....##.........#
... #.†..##...##....#


You could see 2 orc priests, an orc wizard and an orc.

Vanquished Creatures
  Pikel (D:6)
  Prince Ribbit (D:6)
  The ghost of Thrillho the Cutter, an amateur OpAs (D:5)
  Sigmund (D:5)
  A water moccasin (D:7)
  2 ice beasts
  2 sky beasts
  A phantom (D:5)
  3 ogres
  2 centaurs
  A scorpion (D:6)
  2 howler monkeys
  A centaur zombie (D:5)
  3 crimson imps
  2 orc priests
  A giant frog skeleton (D:5)
  A gnoll shaman (D:4)
  3 worker ants
  4 iguanas
  An orc wizard (D:4)
  A worker ant zombie (D:5)
  6 gnolls
  13 adders
  3 shadow imps (D:5)
  4 worms
  A dart slug (D:1)
  5 giant geckos
  21 orcs
  7 giant cockroaches
  6 goblins (D:2)
  7 hobgoblins
  10 jackals
  6 kobolds
  2 quokkas (D:3)
  A ball python (D:1)
  10 bats
  4 giant newts
  2 jackal skeletons
  A jackal zombie (D:6)
  9 rats
153 creatures vanquished.

Vanquished Creatures (others)
  An orc priest (D:5)
  An orc wizard (D:5)
  An adder (D:5)
  2 orcs (D:5)
  A jackal (D:5)
6 creatures vanquished.

Grand Total: 159 creatures vanquished

Notes
Turn   | Place    | Note
--------------------------------------------------------------
     0 | D:1      | Hipnos the Gargoyle Earth Elementalist began the quest for the Orb.
     0 | D:1      | Reached XP level 1. HP: 10/10 MP: 3/3
   138 | D:1      | Reached skill level 4 in Earth Magic
   138 | D:1      | Reached XP level 2. HP: 15/15 MP: 0/5
   994 | D:2      | Reached XP level 3. HP: 19/19 MP: 4/6
  1116 | D:2      | Reached skill level 5 in Earth Magic
  1180 | D:2      | Reached XP level 4. HP: 23/24 MP: 1/7
  1486 | D:2      | Learned a level 2 spell: Passwall
  1490 | D:2      | Learned a level 3 spell: Stone Arrow
  1605 | D:3      | Reached XP level 5. HP: 28/28 MP: 6/9
  1731 | D:3      | Found a shadowy altar of Dithmenos.
  2224 | D:4      | Reached skill level 6 in Earth Magic
  2415 | D:4      | Found a white marble altar of Elyvilon.
  2473 | D:4      | Found a roughly hewn altar of Beogh.
  2511 | D:5      | Entered Level 5 of the Dungeon
  2637 | D:5      | Noticed a phantom
  2650 | D:5      | Killed a phantom
  2650 | D:5      | Reached skill level 7 in Earth Magic
  2650 | D:5      | Reached XP level 6. HP: 27/32 MP: 2/11
  2731 | D:5      | Noticed a sky beast
  2734 | D:5      | Killed a sky beast
  2747 | D:5      | Gained mutation: Your mind is acute. (Int +2) [potion of mutation]
  2747 | D:5      | Gained mutation: Scrolls take you a little longer to read. [potion of mutation]
  2747 | D:5      | Gained mutation: You can translocate small distances at will. [potion of mutation]
  2752 | D:5      | Lost mutation: Scrolls take you a little longer to read. [potion of cure mutation]
  2752 | D:5      | Lost mutation: You can translocate small distances at will. [potion of cure mutation]
  2752 | D:5      | Lost mutation: Your mind is acute. (Int +2) [potion of cure mutation]
  2824 | D:5      | Reached XP level 7. HP: 19/36 MP: 7/13
  2916 | D:5      | Noticed Thrillho's ghost (amateur OpAs)
  2920 | D:5      | Killed Thrillho's ghost
  2920 | D:5      | Reached skill level 8 in Earth Magic
  2926 | D:5      | Learned a level 4 spell: Petrify
  3061 | D:5      | Reached skill level 9 in Earth Magic
  3253 | D:5      | Reached XP level 8. HP: 38/41 MP: 7/14
  3316 | D:5      | Noticed Sigmund
  3320 | D:5      | Killed Sigmund
  3396 | D:5      | Noticed Pikel
  3475 | D:6      | Killed Pikel
  3475 | D:6      | Reached skill level 5 in Spellcasting
  3475 | D:6      | Reached skill level 10 in Earth Magic
  3747 | D:6      | Learned a level 5 spell: Lee's Rapid Deconstruction
  3825 | D:6      | Found a staircase to the Ecumenical Temple.
  3830 | Temple   | Entered the Ecumenical Temple
  3838 | Temple   | Became a worshipper of Vehumet
  3930 | D:6      | Reached XP level 9. HP: 43/45 MP: 10/17
  4062 | D:6      | Noticed Prince Ribbit
  4080 | D:6      | Reached skill level 11 in Earth Magic
  4082 | D:6      | Killed Prince Ribbit
  5402 | D:4      | Found a basalt altar of Yredelemnul.
  5749 | D:7      | Reached * piety under Vehumet
  5749 | D:7      | Offered knowledge of Flame Tongue by Vehumet.
  6160 | D:6      | Reached skill level 12 in Earth Magic
  6255 | D:6      | Gained mutation: You have an increased reservoir of magic (+10% MP). [mutagenic meat]
  6256 | D:6      | Gained mutation: Your movements are slightly less encumbered by armour (ER -2). [mutagenic meat]
  6257 | D:6      | Gained mutation: You evolve. [mutagenic meat]
  6637 | D:7      | Killed from afar by an orc priest

Skill      XL: |  1  2  3  4  5  6  7  8  9 |
---------------+----------------------------+-----
Earth Magic    | 4 5 7 9 10 12 | 12.3
Dodging        | 2 3 |  3.8
Spellcasting   | 3 4 5 7 |  7.0
Maces & Flails | |  0.6
Stealth        | |  2.1
Transmutations | |  0.7

Action                   |  1- 3 |  4- 6 |  7- 9 || total
-------------------------+-------+-------+-------++-------
Melee: Whip              |       |       |   118 ||   118
 Cast: Sandblast         |    50 |    85 |   150 ||   285
       Stone Arrow       |       |       |    40 ||    40
       Lee's Rapid Decon |       |       |     5 ||     5
  Use: Scroll            |       |     7 |     9 ||    16
       Potion            |       |     2 |     7 ||     9
 Stab: Sleeping          |       |       |     1 ||     1
  Eat: Chunk             |     1 |     6 |    17 ||    24
Armor: Robe              |    10 |    11 |   113 ||   134
       Skin              |       |       |    20 ||    20
Dodge: Dodged            |    20 |    25 |   166 ||   211
Block: Other             |       |       |     9 ||     9
